 Dungeon Crawl Stone Soup version 0.32-a0-433-g08bcfe7efd (webtiles) character file.

Game seed: 4211077089561533358

521 adelrune the Covered (level 7, 0/59 HPs)
             Began as an Armataur Fighter on Feb 22, 2024.
             Was an Initiate of Hepliaklqana.
             Succumbed to a water moccasin's poison
             ... on level 5 of the Dungeon.
             The game lasted 00:06:36 (2866 turns).

adelrune the Covered (Armataur Fighter)             Turns: 2866, Time: 00:06:37

Health: 0/59       AC: 11    Str: 23    XL:     7   Next: 1%
Magic:  7/7        EV:  6    Int:  9    God:    Hepliaklqana [......]
Gold:   229        SH:  4    Dex:  9    Spells: 6/6 levels left

rFire   . . .        a - +0 war axe
rCold   . . .        c - +0 buckler
rNeg    . . .        m - +0 chain mail
rPois   .            (no helmet)
rElec   .            (no cloak)
rCorr   .            n - +1 pair of gloves
SInv    .            (no barding)
Will    +....        (no amulet) Stlth
                     (no ring)
HPRegen 0.29/turn    (no ring)
MPRegen 0.10/turn

%: roll
@: lethally poisoned (0 -> -26), enlightened, flying
A: large, deformed body, tough skin 3, armoured tail, roll 2
a: Renounce Religion


You were on level 5 of the Dungeon.
You worshipped Hepliaklqana.
Hepliaklqana was noncommittal.
You visited 1 branch of the dungeon, and saw 5 of its levels.

You collected 229 gold pieces.

Inventory:

Hand Weapons
 a - a +0 war axe (weapon)
Missiles
 p - a throwing net (quivered)
Armour
 b - a +0 scale mail
 c - a +0 buckler (worn)
 d - a +2 tower shield
 m - a +0 chain mail (worn)
 n - a +1 pair of gloves (worn)
Jewellery
 e - a ring of ice
 j - an amulet of faith
Wands
 o - a wand of mindburst (11)
Scrolls
 g - 4 scrolls of identify
 h - a scroll of amnesia {unknown}
 i - 2 scrolls of butterflies {unknown}
 k - 4 scrolls of teleportation
 l - a scroll of poison {unknown}
 r - a scroll of brand weapon {unknown}
Potions
 q - a potion of degeneration {unknown}


   Skills:
 + Level 4.0 Fighting
 * Level 4.1 Axes
 + Level 5.3 Armour
 + Level 4.8 Shields


You had 6 spell levels left.
You didn't know any spells.
Your spell library contained the following spells:

 Spells                   Type           Power      Damage    Failure   Level
 Static Discharge         Conj/Air       0%         3-3/arc   99%         2
 Airstrike                Air            0%         2d(0-16)  100%        4
 Summon Lightning Spire   Summ/Air       0%         N/A       100%        4


Dungeon Overview and Level Annotations

Branches:
Dungeon (5/15)
 Temple: D:4-7

Altars:
Hepliaklqana

Annotations:
D:3 1 runed translucent door, Crazy Yiuf


Innate Abilities, Weirdness & Mutations

Armour fits poorly on your strangely shaped body.
You have extremely tough skin. (AC +3)
You have a long armoured tail.
You regenerate magic and health when rolling toward enemies. (Rampage Regen)


Message History

You feel very sick. You block the water moccasin's attack.
The water moccasin bites you but does no damage.
You hit the water moccasin.
The water moccasin is lightly wounded.
You feel very sick. The water moccasin bites you!
You are more poisoned.
The water moccasin poisons you! The water moccasin bites you.
You hit the water moccasin.
The water moccasin is moderately wounded.
You feel extremely sick. The water moccasin bites you.
The water moccasin bites you but does no damage.
You closely miss the water moccasin.
The water moccasin is moderately wounded.
You feel very sick.
The water moccasin bites you but does no damage.
You slash the water moccasin!
The water moccasin is heavily wounded.
You feel very sick. The water moccasin bites you.
* * * LOW HITPOINT WARNING * * *
You are lethally poisoned!
The water moccasin poisons you! The water moccasin barely misses you.
You closely miss the water moccasin.
The water moccasin is heavily wounded.
* * * LOW HITPOINT WARNING * * *
You feel very sick. The water moccasin bites you.
* * * LOW HITPOINT WARNING * * *
The water moccasin bites you.
* * * LOW HITPOINT WARNING * * *
You are more poisoned.
The water moccasin poisons you!
It was a potion of enlightenment.
You feel very buoyant.
You fly up into the air.
You die...
Hepliaklqana delivers you to your ancestors.

...#..###........#
...#..#
#.......###
..........#
.........##
.........##
.....###..# ##
..... #..####..##
#....##..#......#
##......@S..#
<#....###..#
...... .....
#####. ..#.... #.
... ##. ...# ....
.....


You could see a water moccasin.

Vanquished Creatures
  Grinder (D:3)
  Pargi (D:4)
  A jelly (D:4)
  2 iguanas (D:4)
  Terence (D:3)
  A gnoll (D:1)
  4 adders
  A white imp (D:5)
  2 dart slugs (D:2)
  A ribbon worm (D:2)
  4 orcs
  4 bats
  4 endoplasms
  2 giant cockroaches
  9 goblins
  6 hobgoblins
  2 quokkas
  6 ball pythons
  6 frilled lizards
  8 kobolds
  3 rats
69 creatures vanquished.

Notes
Turn   | Place    | Note
-------+----------+-------------------------------------------
     0 | D:1      | adelrune the Armataur Fighter began the quest for the Orb.
     0 | D:1      | Reached XP level 1. HP: 18/18 MP: 1/1
   201 | D:1      | Reached XP level 2. HP: 25/25 MP: 2/2
   550 | D:1      | Reached XP level 3. HP: 31/31 MP: 3/3
   587 | D:1      | Reached skill level 4 in Armour
   826 | D:2      | Found a faded altar of an unknown god.
  1134 | D:3      | Reached XP level 4. HP: 38/38 MP: 4/4
  1186 | D:3      | Noticed Grinder
  1192 | D:3      | Paralysed by Grinder for 2 turns
  1198 | D:3      | Paralysed by Grinder for 2 turns
  1202 | D:3      | Killed Grinder
  1203 | D:3      | Reached XP level 5. HP: 23/45 MP: 5/5
  1297 | D:3      | Noticed Terence
  1321 | D:3      | Killed Terence
  1322 | D:3      | Reached XP level 6. HP: 16/52 MP: 6/6
  1559 | D:3      | Found a runed translucent door.
  1560 | D:3      | Noticed Crazy Yiuf
  1664 | D:3      | Found a hazy altar of Hepliaklqana.
  1693 | D:3      | Became a worshipper of Hepliaklqana the Forgotten
  2284 | D:4      | Reached skill level 5 in Armour
  2401 | D:4      | Noticed Pargi
  2420 | D:4      | Killed Pargi
  2787 | D:5      | Entered Level 5 of the Dungeon
  2797 | D:4      | Gained mutation: You regenerate magic and health when
                  | rolling toward enemies. (Rampage Regen) [Armataur growth]
  2797 | D:4      | Reached XP level 7. HP: 59/59 MP: 7/7
  2866 | D:5      | Succumbed to a water moccasin's poison

Illustrated notes

Levels and vault maps discovered:
D:1:      lightli_arrival_boilingwater, layout_loops_ring
D:2:      layout_rooms, ebering_ecumenical_altar_petrified
D:3:      layout_loops_ring, lemuel_crystal_altar, serial_forest,
          infiniplex_forest_lined_3, infiniplex_forest_3_way,
          infiniplex_forest_corner_2, infiniplex_forest_lined_2,
          infiniplex_forest_clump_tiny, infiniplex_forest_end_3,
          feat_on_display, uniq_terence, uniq_grinder, uniq_crazy_yiuf_cottage
D:4:      layout_basic, uniq_pargi
D:5:      wander_guarded_unrand_ratskin, layout_cave_pools

Skill      XL: |  1  2  3  4  5  6 |
---------------+-------------------+-----
Axes           | 2 3 4 |  4.1
Fighting       | 3 4 |  4.0
Armour         | 4 5 |  5.3
Shields        | 4 |  4.8

Action                     |  1- 3 |  4- 6 |  7- 9 || total
---------------------------+-------+-------+-------++-------
  Melee: War axe           |   102 |   106 |     9 ||   217
         Tailslap          |     8 |    13 |       ||    21
    Use: Potion            |       |     1 |     1 ||     2
         Scroll            |       |     1 |       ||     1
 Armour: Scale mail        |    69 |    28 |       ||    97
         Chain mail        |       |    82 |    12 ||    94
  Dodge: Dodged            |    32 |    28 |     1 ||    61
  Block: Buckler           |    17 |    25 |     2 ||    44

Table legend: (Time is in decaauts)
 A = Elapsed time spent in this place.
 B = Non-inter-level travel time spent in this place.
 C = Inter-level travel time spent in this place.
 D = Time resting spent in this place.
 E = Time spent auto-exploring this place.
 F = Levels seen in this place.
 G = Mean time per level.
                   A        B        C        D        E       F      G
               +--------+--------+--------+--------+--------+-----+--------+
         Total |   2953 |   2884 |     69 |    296 |   1916 |   5 |  590.6 |
       Dungeon |   2953 |   2884 |     69 |    296 |   1916 |   5 |  590.6 |
               +--------+--------+--------+--------+--------+-----+--------+

Top non-repeatable levels by time:
     D:3: 838 daAuts
     D:4: 703 daAuts
     D:1: 681 daAuts
     D:2: 652 daAuts
     D:5: 78 daAuts
